 Dungeon Crawl Stone Soup version 0.22.0 (webtiles) character file.

626328 Gravenous the Slayer (level 27, -19/143 HPs)
             Began as a Gargoyle Gladiator on Aug 10, 2018.
             Was the Champion of Okawaru.
             Killed from afar by a Hell Sentinel (35 damage)
             ... with damnation
             ... on level 3 of the Abyss on Aug 11, 2018.
             The game lasted 02:21:41 (60690 turns).

Gravenous the Slayer (Gargoyle Gladiator)          Turns: 60690, Time: 02:21:42

Health: -19/143    AC: 65    Str: 27 (29) XL:     27
Magic:  24/29      EV:  8    Int: 15      God:    Okawaru [******]
Gold:   5078       SH: 26    Dex: 12      Spells: 26/26 levels left

rFire    + + .     SeeInvis .   i - +9 eveningstar (vamp)
rCold    + + .     Gourm    .   J - +0 large shield
rNeg     + . .     Faith    .   s - +8 gold dragon scales
rPois    ∞         Spirit   .   H - +0 helmet of Free Will {*Corrode rPois rF+ MR++}
rElec    +         Reflect  .   Z - +1 cloak {MR+}
rCorr    +         Harm     .   m - +2 pair of gloves {Dex+3}
MR       +++++                  r - +0 pair of boots of Valiance {rElec Str+4 Int+4 Stlth+}
Stlth    ..........             B - amulet of regeneration
HPRegen  0.73/turn              h - ring of resist corrosion
MPRegen  0.21/turn              M - ring of protection from cold

@: finesse, flying
A: big wings, rugged brown scales 1, blurry vision 1, clumsy 1, deterioration 1,
dopey 1, frail 3, low mp 1, negative energy resistance 1, electricity
resistance, weak 1, unbreathing, petrification resistance, rot immunity, AC +20
}: 4/15 runes: barnacled, slimy, silver, gossamer
a: Stop Flying, Heroism, Finesse, Renounce Religion


You were on level 3 of the Abyss.
You worshipped Okawaru.
Okawaru was exalted by your worship.
You were not hungry.

You visited 10 branches of the dungeon, and saw 50 of its levels.
You visited the Abyss 3 times.
You also visited: Labyrinth, Ossuary and Desolation.

You collected 6614 gold pieces.
You spent 1536 gold pieces at shops.

Inventory:

Hand Weapons
 i - a +9 vampiric eveningstar (weapon)
 S - the +7 eveningstar of Walnut {flame, rN+ Dex+3}
   (Okawaru gifted it to you on level 3 of the Depths)

   It has been specially enchanted to burn those struck by it, causing extra
   injury to most foes and up to half again as much damage against particularly
   susceptible opponents.
   It affects your dexterity (+3).
   It protects you from negative energy.
Missiles
 d - 7 throwing nets (quivered)
Armour
 m - a +2 pair of gloves of dexterity (worn)
 r - the +0 pair of boots of Valiance (worn) {rElec Str+4 Int+4 Stlth+}
   (You found it on level 2 of the Depths)

   It affects your strength (+4).
   It affects your intelligence (+4).
   It insulates you from electricity.
   It makes you more stealthy.
 s - +8 gold dragon scales (worn)
 H - the +0 helmet of Free Will (worn) {*Corrode rPois rF+ MR++}
   (You found it on level 8 of the Dungeon)

   It protects you from fire.
   It protects you from poison.
   It affects your resistance to hostile enchantments.
   It may corrode you when you take damage.
 I - the +2 hat of the Bear Spirit {Spirit, +Rage rN+ MR++}
   (You found it on level 3 of the Elven Halls)

   It protects you from negative energy.
   It affects your resistance to hostile enchantments.
   It lets you go berserk.
 J - a +0 large shield (worn)
 Z - a +1 cloak of magic resistance (worn)
Jewellery
 h - a ring of resist corrosion (left hand)
 j - an uncursed ring of see invisible
 B - an amulet of regeneration (around neck)
 M - a ring of protection from cold (right hand)
Wands
 v - a wand of paralysis (73)
 y - a wand of disintegration (37)
 E - a wand of iceblast (43)
 F - a wand of clouds (8)
 T - a wand of scattershot (14)
Scrolls
 a - 4 scrolls of silence
 g - 4 scrolls of magic mapping
 l - 24 scrolls of teleportation
 o - 3 scrolls of fear
 u - 20 scrolls of remove curse
 C - 4 scrolls of enchant weapon
 G - 7 scrolls of fog
 N - 3 scrolls of holy word
 O - 18 scrolls of identify
 P - 4 scrolls of blinking
 V - a scroll of brand weapon
Potions
 c - 4 potions of agility
 e - 7 potions of might
 k - 6 potions of haste
 n - 10 potions of ambrosia
 q - 13 potions of heal wounds
 t - 21 potions of curing
 z - 7 potions of mutation
 A - a potion of invisibility
 D - 5 potions of resistance
 Q - 3 potions of cancellation
 R - 2 potions of berserk rage
 W - 4 potions of magic
Miscellaneous
 p - a sack of spiders
 w - a phial of floods
 L - 5 boxes of beasts
 U - a lamp of fire
 X - 4 phantom mirrors
 Y - a fan of gales
Comestibles
 f - 69 rations


   Skills:
 - Level 26.0 Fighting
 - Level 16.7 Maces & Flails
 - Level 1.7 Throwing
 * Level 23.3 Armour
 - Level 2.4 Dodging
 - Level 25.2 Shields
 + Level 12.6 Invocations
 + Level 12.8 Evocations


You had 26 spell levels left.
You didn't know any spells.
Your spell library contained the following spells:

 Spells                   Type           Power        Failure   Level  Hunger
 Cause Fear               Hex            #.........   100%        4    #####..
 Magic Dart               Conj           #...         94%         1    ##.....
 Fireball                 Conj/Fire      #.........   100%        5    ######.
 Apportation              Tloc           #.....       94%         1    ##.....
 Bolt of Fire             Conj/Fire      #.........   100%        6    #######
 Lightning Bolt           Conj/Air       #.........   100%        5    ######.
 Confuse                  Hex            #.......     100%        3    ####...
 Invisibility             Hex            #.......     100%        6    #######
 Throw Frost              Conj/Ice       #.....       98%         2    ###....
 Controlled Blink         Tloc           N/A          100%        8    #######
 Ring of Flames           Chrm/Fire      #.........   100%        7    #######
 Olgreb's Toxic Radiance  Pois           #.......     100%        4    #####..
 Death's Door             Chrm/Necr      #.........   100%        8    #######
 Summon Small Mammal      Summ           #...         94%         1    ##.....
 Blink                    Tloc           N/A          98%         2    ###....
 Iskenderun's Mystic Bla  Conj           #.......     100%        4    #####..
 Summon Horrible Things   Summ           #.........   100%        8    #######
 Animate Dead             Necr           N/A          100%        4    #####..
 Pain                     Necr           #...         94%         1    ##.....
 Animate Skeleton         Necr           N/A          94%         1    ##.....
 Vampiric Draining        Necr           #.........   100%        3    ####...
 Haunt                    Necr/Summ      #.........   100%        7    #######
 Borgnjor's Revivificati  Necr           #.........   100%        8    #######
 Freeze                   Ice            #...         94%         1    ##.....
 Ozocubu's Refrigeration  Ice            #.........   100%        6    #######
 Summon Ice Beast         Ice/Summ       #.......     100%        4    #####..
 Ozocubu's Armour         Chrm/Ice       #.......     100%        3    ####...
 Dispel Undead            Necr           #.......     100%        5    ######.
 Regeneration             Chrm/Necr      #.........   100%        3    ####...
 Sublimation of Blood     Necr           #.........   98%         2    ###....
 Summon Demon             Summ           #.........   100%        5    ######.
 Summon Greater Demon     Summ           #.........   100%        7    #######
 Corpse Rot               Necr           N/A          98%         2    ###....
 Stone Arrow              Conj/Erth      #.....       100%        3    ####...
 Shock                    Conj/Air       #...         94%         1    ##.....
 Swiftness                Chrm/Air       #.......     98%         2    ###....
 Recall                   Summ/Tloc      N/A          100%        3    ####...
 Spider Form              Tmut/Pois      #.........   100%        3    ####...
 Blade Hands              Tmut           #.........   100%        5    ######.
 Statue Form              Tmut/Erth      #........    100%        6    #######
 Ice Form                 Ice/Tmut       #.......     100%        4    #####..
 Dragon Form              Tmut           #.........   100%        7    #######
 Necromutation            Tmut/Necr      #.........   100%        8    #######
 Death Channel            Necr           #.........   100%        6    #######
 Deflect Missiles         Chrm/Air       #.........   100%        6    #######
 Throw Icicle             Conj/Ice       #.......     100%        4    #####..
 Airstrike                Air            #.........   100%        4    #####..
 Shadow Creatures         Summ           N/A          100%        6    #######
 Confusing Touch          Hex            #.....       94%         1    ##.....
 Flame Tongue             Conj/Fire      #....        94%         1    ##.....
 Passwall                 Tmut/Erth      #.......     98%         2    ###....
 Ignite Poison            Fire/Tmut/Pois #.......     100%        3    ####...
 Sticks to Snakes         Tmut           #.......     98%         2    ###....
 Call Canine Familiar     Summ           #.......     100%        3    ####...
 Ensorcelled Hibernation  Hex/Ice        #.....       98%         2    ###....
 Metabolic Englaciation   Hex/Ice        #.........   100%        5    ######.
 Summon Butterflies       Summ           #.......     94%         1    ##.....
 Silence                  Hex/Air        #.........   100%        5    ######.
 Dispersal                Tloc           #.........   100%        6    #######
 Static Discharge         Conj/Air       #.......     100%        3    ####...
 Alistair's Intoxication  Tmut/Pois      #.......     100%        5    ######.
 Lee's Rapid Deconstruct  Erth           #.........   100%        5    ######.
 Conjure Ball Lightning   Conj/Air       #.........   100%        6    #######
 Excruciating Wounds      Chrm/Necr      #.........   100%        5    ######.
 Portal Projectile        Hex/Tloc       #.....       100%        3    ####...
 Monstrous Menagerie      Summ           #.........   100%        7    #######
 Petrify                  Tmut/Erth      #.......     100%        4    #####..
 Passage of Golubria      Tloc           N/A          100%        4    #####..
 Malign Gateway           Summ/Tloc      #.........   100%        7    #######
 Tornado                  Air            #.........   100%        9    #######
 Leda's Liquefaction      Hex/Erth       #.........   100%        4    #####..
 Summon Hydra             Summ           #.........   100%        7    #######
 Darkness                 Hex            #.........   100%        6    #######
 Shroud of Golubria       Chrm/Tloc      #.........   98%         2    ###....
 Aura of Abjuration       Summ           #.........   100%        5    ######.
 Beastly Appendage        Tmut           #.....       94%         1    ##.....
 Disjunction              Tloc           #.........   100%        8    #######
 Fulminant Prism          Conj/Hex       #.........   100%        4    #####..
 Dazzling Spray           Conj/Hex       #.....       100%        3    ####...
 Force Lance              Conj/Tloc      #.......     100%        4    #####..
 Infusion                 Chrm           #...         94%         1    ##.....
 Song of Slaying          Chrm           #.......     98%         2    ###....
 Spectral Weapon          Hex/Chrm       #.......     100%        3    ####...
 Searing Ray              Conj           #.....       98%         2    ###....
 Discord                  Hex            #.........   100%        8    #######
 Summon Forest            Summ/Tloc      #.........   100%        5    ######.
 Summon Lightning Spire   Summ/Air       #.......     100%        4    #####..
 Summon Guardian Golem    Hex/Summ       #.......     100%        3    ####...
 Dragon's Call            Summ           #.........   100%        9    #######
 Spellforged Servitor     Conj/Summ      #.........   100%        7    #######
 Summon Mana Viper        Hex/Summ       #.......     100%        5    ######.
 Irradiate                Conj/Tmut      #.........   100%        5    ######.
 Gell's Gravitas          Tloc           #.........   100%        3    ####...
 Yara's Violent Unravell  Hex/Tmut       #.........   100%        5    ######.
 Infestation              Necr           #.........   100%        8    #######
 Lesser Beckoning         Tloc           #.........   100%        3    ####...
 Poisonous Vapours        Pois/Air       #.....       98%         2    ###....
 Ignition                 Fire           #.........   100%        8    #######
 Borgnjor's Vile Clutch   Necr/Erth      #.........   100%        5    ######.


Dungeon Overview and Level Annotations

Branches:
Dungeon (15/15)            Temple (1/1) D:5            Lair (6/6) D:10
 Shoals (4/4) Lair:3       Spider (4/4) Lair:4        Slime (5/5) Lair:6
    Orc (2/2) D:9             Elf (3/3) Orc:2        Vaults (5/5) D:13
  Crypt (0/3) Vaults:3     Depths (5/5) D:15            Zot (0/5) Depths:5

Altars:
Ashenzari
Cheibriados
Dithmenos
Elyvilon
Fedhas
Gozag
Hepliaklqana
Kikubaaqudgha
Makhleb
Nemelex Xobeh
Okawaru
Qazlal
Ru
Sif Muna
Trog
Uskayaw
Vehumet
Wu Jian
Xom
Yredelemnul
Zin
The Shining One
Beogh
Jiyva

Shops:
D:7 *   D:10 *   D:11 !   D:14 [   Orc:1 =   Orc:2 (!%[   Elf:2 !   Shoals:2 (
Depths:2 }=}   Depths:5 =!

Portals:
Hell: Depths:1 Depths:2 Depths:3 Depths:4 Depths:5
Abyss: Depths:2 Depths:3 Depths:4
Pandemonium: Depths:3 Depths:4
Ziggurat: Depths:5
Trove: D:14 (give 4 potions of resistance)

Annotations:
D:13 2 runed doors
Elf:2 3 runed doors


Innate Abilities, Weirdness & Mutations

You are resistant to torment.
Your stone body is resilient. (AC +20)
You are immune to poison.
Your large and strong wings let you fly indefinitely.
You resist negative energy. (rN+)
You are resistant to electric shocks. (rElec)
You can survive without breathing.
You are immune to petrification.
You are immune to rotting.
You are partially covered in rugged brown scales. (AC +1, +3% HP)
Scrolls take you a little longer to read.
You are clumsy. (Dex -2)
Your body sometimes deteriorates upon taking damage.
You are dopey. (Int -2)
You are extremely frail. (-30% HP)
Your magical capacity is low. (-10% MP)
You are weak. (Str -2)


Message History

The damnation engulfs the Hell Sentinel.
The Hell Sentinel completely resists.
Your gold dragon scales prevents you from hitting the Hell Sentinel.
The Hell Sentinel is heavily wounded.
You hit the Hell Sentinel but do no damage.
The Hell Sentinel is heavily wounded.
The Hell Sentinel gestures at you.
The sphere of damnation explodes!
The damnation engulfs you!
* * * LOW HITPOINT WARNING * * *
The damnation engulfs the Hell Sentinel.
The Hell Sentinel completely resists. 2 golden eyes come into view.
Unknown command.
A golden eye comes into view.
The golden eye turns its gaze towards you. x2
Unknown command.
You can now deal lightning-fast blows.
The Hell Sentinel gestures at you.
The sphere of damnation explodes!
The damnation engulfs you!
You die...

##. .. #### .#
.#. # #.
###.##.G#
...#...G..§ # #
#. . ....G ##..
. ###. # #..#
G..# #...# ..#
#1#..## #.#
.###.##@....# ..
....##....####
###. .#..###.#
..####.....###..
.. #...#....
.##. # ##.....
.##...##
.####.#...#..
#..# ..#..#)...
. .. #. .#.
..... .###.


You could see a Hell Sentinel and 4 golden eyes.

Vanquished Creatures
  the Royal Jelly (Slime:5)
  An ancient lich (Vaults:5)
  Saint Roka (Vaults:4)
  Xtahua (Depths:4)
  3 golden dragons
  Jory (Vaults:5)
  6 bone dragons
  A profane servitor (Abyss:2)
  3 tentacled monstrosities
  Rupert (D:12)
  A hellephant (Abyss:3)
  6 liches
  Asterion (Vaults:3)
  A quicksilver dragon (Vaults:5)
  3 deep elf master archers (Elf:3)
  2 deep elf blademasters (Elf:3)
  The ghost of Lilu the Warrior, an adept HOFi of Okawaru (Elf:3)
  5 titans
  Polyphemus (Shoals:2)
  4 tentacled starspawn
  The ghost of Qoxzaag the Spry, an adept MfGl of Trog (Spider:3)
  A sphinx (Depths:4)
  13 acid blobs
  Frances (Shoals:2)
  Kirke (D:12)
  8 shadow dragons
  6 tengu reavers
  4 storm dragons
  8 azure jellies
  14 deep elf sorcerers
  16 fire giants
  An orc warlord (D:9)
  2 balrugs
  4 ghost moths
  6 deep elf elementalists (Elf:3)
  A draconian scorcher (Depths:5)
  A cacodemon (Abyss:3)
  13 frost giants
  8 emperor scorpions
  13 vault wardens
  Louise (D:15)
  23 ironheart preservers
  The ghost of Azavvuash the Spry, a journeyman MfGl of Trog (Lair:6)
  A draconian shifter (Depths:5)
  A draconian annihilator (Abyss:3)
  4 spriggan defenders
  52 very ugly things
  3 war gargoyles
  A vampire knight (Depths:1)
  Nessos (D:12)
  25 stone giants
  2 entropy weavers
  2 ophanim
  6 deep elf demonologists
  2 green draconians
  Azrael (D:14)
  2 purple draconians (Depths:5)
  14 deep elf annihilators
  A yellow draconian (Depths:5)
  A minotaur (Lab)
  A black draconian (Depths:5)
  A red draconian (Depths:5)
  2 halazid warlocks (Desolation)
  A white draconian (Depths:5)
  8 spark wasps
  An eidolon (Abyss:2)
  4 merfolk javelineers (Shoals:4)
  3 crystal guardians (Desolation)
  A blizzard demon (Abyss:2)
  Snorg (D:11)
  12 ettins
  11 death oozes
  8 deep elf death magi
  11 fire dragons
  11 ice dragons
  11 great orbs of eyes
  12 yaktaur captains
  10 ragged hierophants (Desolation)
  6 merfolk impalers
  42 vault guards
  Harold (D:10)
  19 ogre magi
  12 deep elf high priests
  A quicksilver dragon skeleton (Depths:3)
  8 hydras
  6 rakshasas
  7 peacekeepers (Desolation)
  4 servants of whispers (Desolation)
  2 catoblepae
  6 death knights
  8 spriggan air magi
  10 centaur warriors
  2 alligator snapping turtles
  4 merfolk avatars
  10 deep troll shamans
  7 death yaks
  7 tengu warriors
  17 dancing weapons
  5 deep troll earth magi
  4 merfolk aquamancers
  A satyr (Shoals:4)
  67 two-headed ogres
  2 vampire magi
  9 thrashing horrors
  6 spriggan berserkers
  A shock serpent (shapeshifter) (Depths:2)
  19 deep elf knights
  Sonja (D:11)
  Nergalle (D:10)
  Urug (D:11)
  4 hell knights
  12 wretched stars
  3 iron trolls
  21 large abominations
  4 sun demons
  9 skeletal warriors
  A sea snake (shapeshifter) (Depths:2)
  2 unseen horrors
  2 shadow wraiths
  A spatial maelstrom (Abyss:3)
  9 sea snakes
  28 deep trolls
  19 ironbrand convokers
  5 flayed ghosts
  5 glowing orange brains
  An orange crystal statue (Depths:2)
  3 wizards
  A golden dragon skeleton (Abyss:1)
  A wolf spider zombie (D:10)
  7 phantasmal warriors
  13 orc knights
  9 harpies
  A harpy (shapeshifter) (Depths:2)
  9 deep elf archers
  A mana viper (Abyss:2)
  A lindwurm (Lair:6)
  16 orb spiders
  4 orc sorcerers
  66 deep elf magi
  A shining eye (shapeshifter) (Vaults:5)
  4 necromancers
  37 starcursed masses
  49 ugly things
  9 cyclopes
  A salamander (shapeshifter) (Depths:2)
  A faun (shapeshifter) (Vaults:5)
  26 wolf spiders
  A stone giant zombie (Vaults:1)
  7 fauns
  A moth of wrath (shapeshifter) (Depths:2)
  5 shining eyes
  2 iron dragon skeletons
  12 manticores
  2 guardian serpents (shapeshifter)
  7 merfolk sirens
  A moth of wrath (Spider:4)
  20 vault sentinels
  8 elephants
  3 eyes of devastation
  2 black mambas (shapeshifter)
  A fire giant zombie (Abyss:1)
  Maurice (Orc:1)
  A guardian serpent (Desolation)
  3 rust devils
  The ghost of grocchini the Chopper, a novice HOMo (D:5)
  3 black mambas
  2 naga magi (D:15)
  6 water nymphs
  16 spiny frogs
  An apocalypse crab (Abyss:3)
  4 torpor snails
  A spiny frog (shapeshifter) (Depths:4)
  An orange demon (Abyss:2)
  3 gargoyles
  5 elf zombies
  8 smoke demons
  A torpor snail (shapeshifter) (Vaults:2)
  56 yaktaurs
  2 efreet
  2 rime drakes
  3 kobold demonologists
  7 komodo dragons
  2 red devils (Abyss:3)
  11 freezing wraiths
  A komodo dragon (shapeshifter) (Depths:2)
  4 tengu conjurers
  33 merfolk
  15 demonic crawlers
  10 trolls
  20 jumping spiders
  A troll (shapeshifter) (Elf:3)
  2 meliai (shapeshifter) (Depths:2)
  11 ancient zymes
  A jumping spider (shapeshifter) (Elf:1)
  21 hornets
  A polar bear (shapeshifter) (Depths:4)
  7 raiju
  A dream sheep (shapeshifter) (Depths:2)
  59 saltlings (Desolation)
  13 blink frogs
  2 raiju (shapeshifter)
  7 wind drakes
  A snapping turtle (shapeshifter) (Vaults:1)
  89 slime creatures
  3 dream sheep (Shoals:4)
  A hippogriff (shapeshifter) (Vaults:1)
  10 hippogriffs
  3 human simulacra
  A redback (shapeshifter) (Depths:3)
  58 redbacks
  8 snapping turtles
  7 spriggans
  4 flying skulls
  5 air elementals
  24 tarantellas
  2 wyverns
  A centaur simulacrum (D:12)
  A vampire (Abyss:3)
  5 ynoxinuls
  A yak (shapeshifter) (Vaults:3)
  Eustachio (D:6)
  10 wraiths
  A shadow (D:14)
  12 water elementals
  41 yaks
  5 hogs
  3 basilisks
  26 golden eyes
  3 neqoxecs
  An ettin skeleton (Abyss:3)
  4 fire elementals
  A basilisk (shapeshifter) (Elf:2)
  5 chaos spawn
  A human (D:7)
  6 vampire mosquitoes
  A yaktaur simulacrum (Vaults:2)
  2 hungry ghosts
  3 wargs
  An insubstantial wisp (Abyss:3)
  5 spatial vortices (Abyss:3)
  2 acid dragons (D:15)
  An acid dragon (shapeshifter) (Vaults:1)
  A swamp worm (shapeshifter) (Depths:2)
  Menkaure (D:7)
  15 hell hounds
  8 water moccasins
  A floating eye (shapeshifter) (Depths:2)
  8 porcupines
  9 eyes of draining
  A floating eye (Depths:3)
  37 orc warriors
  5 ice beasts
  8 sky beasts
  A black bear (shapeshifter) (Vaults:3)
  3 eyes of draining (shapeshifter)
  4 black bears
  2 necrophages
  2 phantoms
  An ettin simulacrum (Vaults:1)
  61 ogres
  23 centaurs
  10 wolves
  20 boggarts
  A manticore skeleton (Abyss:2)
  A human skeleton (Vaults:2)
  16 crocodiles
  3 big kobolds (D:9)
  An earth elemental (Elf:3)
  13 bullfrogs
  2 gnoll sergeants (D:9)
  A wyvern zombie (D:5)
  10 scorpions
  11 killer bees
  16 wights
  A howler monkey (D:5)
  2 electric eels
  13 crimson imps
  5 centaur zombies
  26 small abominations
  3 human zombies
  10 quasits
  20 orc priests
  8 jellies
  5 hounds
  2 centaur skeletons
  34 orc wizards
  An iron imp (Abyss:1)
  4 bullfrog skeletons
  Ijyb (D:4)
  4 iguanas
  8 worker ants
  A killer bee zombie (D:7)
  A hound skeleton (D:7)
  3 mummies (Ossuary)
  A howler monkey zombie (D:5)
  2 gnolls
  2 worker ant zombies
  4 scorpion zombies (Ossuary)
  12 adders
  A river rat (Lair:1)
  A white imp (Abyss:2)
  3 ufetubi
  An adder skeleton (D:8)
  A worm (shapeshifter) (Depths:2)
  2 worms
  10 leopard geckos
  110 orcs
  5 giant cockroaches
  8 gnoll zombies (Ossuary)
  11 goblins
  9 hobgoblins
  5 jackals
  8 quokkas
  3 ball pythons
  10 bats
  6 frilled lizards
  2 goblin zombies (Ossuary)
  A hobgoblin zombie (Ossuary)
  13 kobolds
  A kobold zombie (Ossuary)
  4 orc zombies
  4 rats
  3 crawling corpses (Vaults:2)
  2 fungi
  A pillar of salt (Elf:1)
  2 plants
  5 starspawn tentacles
2582 creatures vanquished.

Vanquished Creatures (collateral kills)
  An orc wizard (Vaults:4)
  An orc (Vaults:4)
2 creatures vanquished.

Vanquished Creatures (others)
  A fire giant (Vaults:5)
  2 deep elf knights
  A wizard (Depths:1)
  An orb spider (Spider:4)
  A jumping spider (Spider:4)
  A hornet (Spider:4)
  A large abomination (Abyss:2)
  An air elemental (Elf:2)
  A human (D:12)
  A golden eye (Slime:1)
  2 orc warriors (Vaults:4)
  2 ogres (Vaults:2)
  5 boggarts
  A jelly (Abyss:2)
  3 orc wizards (D:12)
  2 orcs (D:12)
  A hobgoblin (D:3)
  A kobold (D:14)
  A fungus (Lair:2)
  A lurking horror (Abyss:2)
  11 plants
  10 starspawn tentacles
51 creatures vanquished.

Grand Total: 2635 creatures vanquished

Notes
Turn   | Place    | Note
-------+----------+-------------------------------------------
     0 | D:1      | Gravenous the Gargoyle Gladiator began the quest for the Orb.
     0 | D:1      | Reached XP level 1. HP: 12/12 MP: 1/1
   118 | D:1      | Reached XP level 2. HP: 16/18 MP: 2/2
   360 | D:1      | Reached skill level 1 in Armour
   691 | D:2      | Reached XP level 3. HP: 22/22 MP: 3/3
  1078 | D:2      | Found a glowing silver altar of Zin.
  1079 | D:2      | Found an ancient bone altar of Kikubaaqudgha.
  1102 | D:2      | Found a hazy altar of Hepliaklqana.
  1338 | D:2      | Found a white marble altar of Elyvilon.
  1352 | D:2      | Found a sacrificial altar of Ru.
  1473 | D:3      | Reached skill level 3 in Fighting
  1473 | D:3      | Reached XP level 4. HP: 28/28 MP: 4/4
  2281 | D:4      | Reached XP level 5. HP: 27/32 MP: 5/5
  2315 | D:4      | Noticed Ijyb
  2317 | D:4      | Paralysed by Ijyb for 2 turns
  2321 | D:4      | Paralysed by Ijyb for 3 turns
  2324 | D:4      | Killed Ijyb
  2375 | D:4      | Noticed an ogre
  2384 | D:4      | Killed an ogre
  2384 | D:4      | Reached skill level 5 in Maces & Flails
  2384 | D:4      | Reached XP level 6. HP: 31/38 MP: 6/6
  2683 | D:4      | Found a blossoming altar of Fedhas.
  3046 | D:5      | Entered Level 5 of the Dungeon
  3048 | D:5      | Noticed a necrophage
  3057 | D:5      | Reached skill level 4 in Fighting
  3092 | D:5      | Killed a necrophage
  3092 | D:5      | Reached XP level 7. HP: 34/44 MP: 7/7
  3196 | D:5      | Noticed grocchini's ghost (novice HOMo)
  3219 | D:5      | Found a bloodstained altar of Trog.
  3471 | D:5      | Found a transporter.
  3512 | D:5      | Found a transporter.
  3757 | D:5      | Reached skill level 5 in Fighting
  3787 | D:5      | Found a glowing golden altar of the Shining One.
  3842 | D:5      | Found a hide-covered altar of Uskayaw.
  3842 | D:5      | Found a shimmering altar of Xom.
  3844 | D:5      | Found an ornate altar of the Wu Jian Council.
  3844 | D:5      | Found a stormy altar of Qazlal.
  3844 | D:5      | Found a shattered altar of Ashenzari.
  3894 | D:5      | Reached XP level 8. HP: 12/49 MP: 8/8
  4363 | D:5      | Found a staircase to the Ecumenical Temple.
  4400 | Temple   | Entered the Ecumenical Temple
  4437 | Temple   | Became a worshipper of Warmaster Okawaru
  4695 | D:6      | Noticed Eustachio
  4712 | D:6      | Killed Eustachio
  4712 | D:6      | Reached skill level 5 in Armour
  4712 | D:6      | Reached skill level 1 in Invocations
  5056 | D:6      | Reached * piety under Okawaru
  5056 | D:6      | Reached skill level 6 in Fighting
  5395 | D:7      | Reached XP level 9. HP: 42/55 MP: 11/11
  5430 | D:7      | Found a sand-covered staircase.
  5458 | Ossuary  | Entered an ossuary
  5979 | D:7      | Found Loran's Assorted Antiques.
  5999 | D:7      | Bought a scroll labeled KOLYNLOPPES for 31 gold pieces
  5999 | D:7      | Bought a scroll labeled KOLYNLOPPES for 31 gold pieces
  5999 | D:7      | Bought a scroll labeled WONULI DUNIE for 31 gold pieces
  6016 | D:7      | Reached skill level 5 in Invocations
  6018 | D:7      | Reached ** piety under Okawaru
  6068 | D:7      | Reached skill level 7 in Fighting
  6667 | D:7      | Reached XP level 10. HP: 61/63 MP: 14/14
  6675 | D:7      | Found a glowing golden altar of the Shining One.
  6734 | D:7      | Noticed Menkaure
  6737 | D:7      | Killed Menkaure
  7287 | D:8      | Got a polished helmet
  7308 | D:8      | Identified the +0 helmet of Free Will {*Corrode rPois rF+ MR++} (You found it on level 8 of the Dungeon)
  7311 | D:8      | Reached *** piety under Okawaru
  7354 | D:8      | Noticed a two-headed ogre
  7362 | D:8      | Killed a two-headed ogre
  7619 | D:8      | Reached skill level 10 in Maces & Flails
  8021 | D:9      | Found a staircase to the Orcish Mines.
  8031 | D:9      | Reached skill level 8 in Fighting
  8058 | D:9      | Reached **** piety under Okawaru
  8267 | D:9      | Reached XP level 11. HP: 14/69 MP: 16/16
  8688 | D:9      | Noticed a two-headed ogre
  8691 | D:9      | Killed a two-headed ogre
  8691 | D:9      | Reached skill level 1 in Shields
  9087 | D:10     | Entered Level 10 of the Dungeon
  9107 | D:10     | Noticed a two-headed ogre
  9125 | D:10     | Killed a two-headed ogre
  9259 | D:10     | Reached ***** piety under Okawaru
  9304 | D:10     | Found a staircase to the Lair.
  9368 | D:10     | Noticed Nergalle
  9368 | D:10     | Noticed Harold
  9392 | D:10     | Killed Nergalle
  9392 | D:10     | Reached skill level 9 in Fighting
  9436 | D:10     | Killed Harold
  9539 | D:10     | Found Nakluik's General Store.
  9552 | D:10     | Received a gift from Okawaru
  9555 | D:10     | Got a crystal great mace {god gift}
  9561 | D:10     | Identified the +6 great mace of Gravity {crush, rC+ rN+} (Okawaru gifted it to you on level 10 of the Dungeon)
  9575 | D:10     | Bought a scroll of enchant armour for 97 gold pieces
 10143 | D:11     | Noticed Urug
 10151 | D:11     | Killed Urug
 10335 | D:11     | Reached XP level 12. HP: 62/77 MP: 17/17
 10414 | D:11     | Noticed Snorg
 10521 | D:11     | Killed Snorg
 10603 | D:11     | Found Mem Nuve's Distillery.
 10603 | D:11     | Noticed Sonja
 10611 | D:11     | Killed Sonja
 10611 | D:11     | Reached skill level 5 in Shields
 10888 | D:11     | Noticed a six-headed hydra
 10916 | D:11     | Killed a six-headed hydra
 10916 | D:11     | Reached ****** piety under Okawaru
 10916 | D:11     | Reached skill level 10 in Fighting
 11097 | D:11     | Noticed a two-headed ogre
 11103 | D:11     | Killed a two-headed ogre
 11237 | D:12     | Noticed Nessos
 11244 | D:12     | Killed Nessos
 11288 | D:12     | Reached skill level 10 in Armour
 11313 | D:12     | Noticed Kirke
 11324 | D:12     | Killed Kirke
 11324 | D:12     | Received a gift from Okawaru
 11324 | D:12     | Received a gift from Okawaru
 11470 | D:12     | Noticed Rupert
 11488 | D:12     | Killed Rupert
 11488 | D:12     | Reached XP level 13. HP: 27/84 MP: 16/18
 11940 | D:13     | Reached skill level 11 in Fighting
 11951 | D:13     | Received a gift from Okawaru
 12267 | D:13     | Noticed a vault guard
 12267 | D:13     | Noticed a vault guard
 12267 | D:13     | Noticed a vault guard
 12267 | D:13     | Noticed a vault guard
 12316 | D:12     | Killed a vault guard
 12326 | D:12     | Killed a vault guard
 12453 | D:13     | Killed a vault guard
 12495 | D:13     | Noticed a vault guard
 12499 | D:13     | Noticed a vault guard
 12516 | D:13     | Killed a vault guard
 12539 | D:13     | Killed a vault guard
 12544 | D:13     | Noticed a vault guard
 12565 | D:13     | Killed a vault guard
 12710 | D:13     | Found a gate to the Vaults.
 12731 | D:13     | Noticed a vault guard
 12737 | D:13     | Killed a vault guard
 12737 | D:13     | Received a gift from Okawaru
 12737 | D:13     | Reached skill level 15 in Maces & Flails
 12840 | D:13     | Reached skill level 12 in Fighting
 12862 | D:13     | Killed a vault guard
 12862 | D:13     | Received a gift from Okawaru
 13053 | D:13     | Found a large runed door.
 13053 | D:13     | Found a large runed door.
 13315 | D:14     | Found Qufat's Antique Armour Shoppe.
 13920 | D:14     | Gained mutation: Your large and strong wings let you fly indefinitely. [Gargoyle growth]
 13920 | D:14     | Reached XP level 14. HP: 92/92 MP: 19/19
 13977 | D:14     | Noticed Azrael
 14047 | D:14     | Killed Azrael
 14649 | D:14     | Found a portal to a secret trove of treasure.
 14762 | D:14     | Received a gift from Okawaru
 14765 | D:14     | Got a twisted demon blade {god gift}
 14766 | D:14     | Identified the +2 demon blade of Qok Uxis {pain, rPois rF- rC+} (Okawaru gifted it to you on level 14 of the Dungeon)
 14824 | D:14     | Reached skill level 13 in Fighting
 14936 | D:15     | Entered Level 15 of the Dungeon
 15593 | D:15     | Noticed Louise
 15617 | D:15     | Killed Louise
 15790 | D:15     | Received a gift from Okawaru
 16022 | D:15     | Found a staircase to the Depths.
 16853 | Lair:1   | Entered Level 1 of the Lair of Beasts
 16906 | Lair:1   | Found a glowing golden altar of the Shining One.
 16946 | Lair:1   | Reached XP level 15. HP: 97/100 MP: 20/20
 16987 | Lair:1   | Reached skill level 14 in Fighting
 17099 | Lair:1   | Received a gift from Okawaru
 17102 | Lair:1   | Got a smoking plate armour {god gift}
 17113 | Lair:1   | Identified the +2 plate armour of Vanity {Int+4 Dex+2} (Okawaru gifted it to you on level 1 of the Lair of Beasts)
 17348 | Lair:1   | Reached skill level 10 in Shields
 18919 | Lair:3   | Found a labyrinth entrance.
 18925 | Lab      | Entered a labyrinth
 19379 | Lab      | Identified the Guide on Orientation
 19386 | Lab      | Identified the Compendium of Curses
 19755 | Lair:3   | Found a staircase to the Shoals.
 20320 | Lair:4   | Found a glowing golden altar of the Shining One.
 20494 | Lair:4   | Found a hole to the Spider Nest.
 21540 | Lair:5   | Received a gift from Okawaru
 21855 | Lair:6   | Entered Level 6 of the Lair of Beasts
 21941 | Lair:6   | Found a burning altar of Makhleb.
 21974 | Lair:6   | Found a viscous altar of Jiyva.
 21977 | Lair:6   | Found a staircase to the Slime Pits.
 21984 | Lair:6   | Noticed Azavvuash's ghost (journeyman MfGl)
 21987 | Lair:6   | Found a runed door.
 22142 | Lair:6   | Reached skill level 15 in Fighting
 22539 | Lair:6   | Received a gift from Okawaru
 22539 | Lair:6   | Reached XP level 16. HP: 89/108 MP: 19/21
 22820 | Lair:6   | Killed Azavvuash's ghost
 23015 | Orc:1    | Entered Level 1 of the Orcish Mines
 23015 | Orc:1    | Found Zisedato's Jewellery Shop.
 23296 | Orc:1    | Cast into level 1 of the Abyss (orc wizard)
 23707 | Abyss:1  | Noticed an Executioner
 23880 | Abyss:1  | Noticed a bone dragon
 23896 | Abyss:1  | Killed a bone dragon
 24047 | Abyss:1  | Noticed a tentacled starspawn
 24071 | Abyss:1  | Killed a tentacled starspawn
 24071 | Abyss:1  | Received a gift from Okawaru
 24223 | Orc:1    | Escaped the Abyss
 24910 | Orc:1    | Found a roughly hewn altar of Beogh.
 25163 | Orc:2    | Entered Level 2 of the Orcish Mines
 25167 | Orc:2    | Found a roughly hewn altar of Beogh.
 25190 | Orc:2    | Reached skill level 16 in Fighting
 25209 | Orc:2    | Reached skill level 15 in Shields
 25224 | Orc:2    | Noticed Maurice
 25300 | Orc:1    | Killed Maurice
 25322 | Orc:1    | Received a gift from Okawaru
 25589 | Orc:2    | Found Amugumid's Armour Shop.
 25589 | Orc:2    | Found Faref's Food Emporium.
 25590 | Orc:2    | Found Careytz's Distillery.
 25590 | Orc:2    | Found Wonidyeh's Antique Weapon Boutique.
 25696 | Orc:2    | Reached skill level 1 in Evocations
 26232 | Orc:2    | Found a staircase to the Elven Halls.
 26476 | D:5      | Killed grocchini's ghost
 26710 | Shoals:1 | Entered Level 1 of the Shoals
 26734 | Shoals:1 | Reached XP level 17. HP: 112/116 MP: 22/22
 26748 | Shoals:1 | Received a gift from Okawaru
 26822 | Shoals:1 | Reached skill level 17 in Fighting
 27208 | Shoals:2 | Found Pone's Antique Weapon Shop.
 27416 | Shoals:2 | Noticed Polyphemus
 27480 | Shoals:2 | Killed Polyphemus
 27480 | Shoals:2 | Received a gift from Okawaru
 27783 | Shoals:2 | Noticed Frances
 27806 | Shoals:2 | Killed Frances
 28476 | Shoals:4 | Entered Level 4 of the Shoals
 28644 | Shoals:4 | Reached skill level 18 in Fighting
 28840 | Shoals:4 | Reached skill level 5 in Evocations
 29215 | Shoals:4 | Reached XP level 18. HP: 126/126 MP: 20/23
 29409 | Shoals:4 | Got a barnacled rune of Zot
 29784 | Orc:1    | Bought an uncursed amulet of regeneration for 450 gold pieces
 29979 | Spider:1 | Entered Level 1 of the Spider Nest
 30078 | Spider:1 | Received a gift from Okawaru
 30417 | Spider:1 | Reached skill level 19 in Fighting
 31254 | Spider:2 | Received a gift from Okawaru
 32423 | Spider:3 | Found a runed door.
 32423 | Spider:3 | Found a shimmering altar of Xom.
 32423 | Spider:3 | Noticed Qoxzaag's ghost (adept MfGl)
 33599 | Spider:4 | Entered Level 4 of the Spider Nest
 34260 | Spider:4 | Reached skill level 20 in Fighting
 34266 | Spider:4 | Reached XP level 19. HP: 135/135 MP: 24/24
 34328 | Spider:4 | Received a gift from Okawaru
 34668 | Spider:4 | Got a gossamer rune of Zot
 34844 | Spider:3 | Killed Qoxzaag's ghost
 35197 | Vaults:1 | Entered Level 1 of the Vaults
 36141 | Vaults:1 | Received a gift from Okawaru
 36280 | Vaults:1 | Reached skill level 21 in Fighting
 36602 | Vaults:1 | Reached skill level 15 in Armour
 36764 | Vaults:1 | Reached XP level 20. HP: 144/144 MP: 27/27
 37044 | Vaults:2 | Received a gift from Okawaru
 37378 | Vaults:2 | Reached skill level 22 in Fighting
 38825 | Vaults:3 | Received a gift from Okawaru
 38876 | Vaults:3 | Found a staircase to the Crypt.
 38876 | Vaults:3 | Found a basalt altar of Yredelemnul.
 38880 | Vaults:3 | Found an ancient bone altar of Kikubaaqudgha.
 39108 | Vaults:3 | Received a gift from Okawaru
 39108 | Vaults:3 | Reached XP level 21. HP: 123/152 MP: 28/28
 39122 | Vaults:3 | Reached skill level 23 in Fighting
 39843 | Vaults:3 | Received a gift from Okawaru
 39856 | Vaults:3 | Noticed Asterion
 39868 | Vaults:3 | Killed Asterion
 40338 | Vaults:4 | Noticed Saint Roka
 40365 | Vaults:4 | Killed Saint Roka
 40732 | Vaults:4 | Reached skill level 24 in Fighting
 41661 | D:14     | Bought a translucent plate armour for 896 gold pieces
 41661 | D:14     | Identified the +1 plate armour of Dice, Bag, and Bottle {SInv} (You bought it in a shop on level 14 of the Dungeon)
 41742 | Depths:1 | Entered Level 1 of the Depths
 41803 | Depths:1 | Received a gift from Okawaru
 42067 | Depths:1 | Received a gift from Okawaru
 42074 | Depths:1 | Reached XP level 22. HP: 163/163 MP: 29/29
 42870 | Depths:1 | Found a gateway to Hell.
 43407 | Depths:2 | Reached skill level 25 in Fighting
 43662 | Depths:2 | Got a pair of jewelled boots
 43673 | Depths:2 | Identified the +0 pair of boots of Valiance {rElec Str+4 Int+4 Stlth+} (You found it on level 2 of the Depths)
 43693 | Depths:2 | Found Vint's Gadget Emporium.
 43693 | Depths:2 | Found Jucsu's Jewellery Shop.
 43694 | Depths:2 | Found Panlurax's Gadget Emporium.
 43750 | Depths:2 | Found a one-way gate to the infinite horrors of the Abyss.
 43819 | Depths:2 | Cast into level 2 of the Abyss (hell knight)
 44040 | Abyss:2  | Found a corrupted altar of Lugonu.
 44267 | Abyss:2  | Received a gift from Okawaru
 44268 | Abyss:2  | Got a crude demon whip {god gift}
 44270 | Depths:2 | Escaped the Abyss
 44301 | Depths:2 | Identified the +1 demon whip "Xieck" {venom, Fragile rF++ Int+6} (Okawaru gifted it to you on level 2 of the Abyss)
 44814 | Depths:2 | Got a wavering pewter amulet
 45354 | Depths:2 | Reached XP level 23. HP: 148/172 MP: 30/30
 45420 | Depths:2 | Identified the amulet of Autotheism {RegenMP Dex+6} (You took it off a fire giant on level 2 of the Depths)
 45528 | Depths:2 | Reached skill level 26 in Fighting
 45796 | Depths:3 | Found a one-way gate leading to the halls of Pandemonium.
 45940 | Depths:3 | Received a gift from Okawaru
 45984 | Depths:3 | Got a blackened eveningstar {god gift}
 45985 | Depths:3 | Identified the +7 eveningstar of Walnut {flame, rN+ Dex+3} (Okawaru gifted it to you on level 3 of the Depths)
 46860 | Depths:3 | Received a gift from Okawaru
 47110 | Depths:4 | Noticed Xtahua
 47124 | Depths:4 | Killed Xtahua
 47400 | Depths:4 | Received a gift from Okawaru
 47409 | Depths:4 | Reached XP level 24. HP: 149/178 MP: 30/30
 48378 | Depths:5 | Entered Level 5 of the Depths
 48382 | Depths:5 | Found Iwnek's Jewellery Boutique.
 48911 | Depths:5 | Found Huwon's Distillery.
 48924 | Depths:5 | Found a gateway to a ziggurat.
 49099 | Depths:5 | Received a gift from Okawaru
 49375 | Depths:5 | Found a gate to the Realm of Zot.
 50092 | Elf:1    | Entered Level 1 of the Elven Halls
 50137 | Elf:1    | Found a radiant altar of Vehumet.
 50194 | Elf:1    | Found a ruined gateway.
 50206 | Desolati | Entered the Desolation of Salt
 50217 | Desolati | Received a gift from Okawaru
 50419 | Desolati | Identified the Volume of the Voyage
 50580 | Desolati | Reached XP level 25. HP: 161/184 MP: 28/30
 50923 | Desolati | Identified Exzet's Catalogue of the Glacier and Shape Shifting
 50929 | Desolati | Identified the Catalogue of Ice and Battle Magic
 51420 | Elf:1    | Found a deep blue altar of Sif Muna.
 52068 | Elf:2    | Found Qemuubli's Distillery.
 52256 | Elf:2    | Identified the Collected Works on Unholy Arts
 52271 | Elf:2    | Received a gift from Okawaru
 52549 | Elf:2    | Found a huge runed gate.
 52551 | Elf:2    | Found a huge runed gate.
 52554 | Elf:2    | Found a huge runed gate.
 52663 | Elf:3    | Entered Level 3 of the Elven Halls
 52840 | Elf:3    | Found a runed gate.
 52840 | Elf:3    | Found a runed gate.
 52841 | Elf:3    | Found a runed gate.
 52842 | Elf:3    | Noticed Lilu's ghost (adept HOFi)
 53460 | Elf:3    | Received a gift from Okawaru
 53606 | Elf:3    | Found the +2 hat of the Bear Spirit {Spirit, +Rage rN+ MR++}
 53615 | Elf:3    | Reached XP level 26. HP: 190/190 MP: 30/30
 53617 | Elf:3    | Identified Geeher's Collected Works on Dislocated Augmentations
 53631 | Elf:3    | Identified the Catalogue of Sinister Calling
 53705 | Elf:3    | Identified Sif Muna's Collected Works on Hexes
 53713 | Elf:3    | Identified the ring of Bipall {Fire Str+6 Slay-4 Stlth+} (You found it on level 3 of the Elven Halls)
 54105 | Elf:3    | Killed Lilu's ghost
 54140 | Elf:3    | Identified Lomur's Handbook of Frigorific Dark Secrets
 54142 | Elf:3    | Identified a scroll of acquirement
 54145 | Elf:3    | Got a pair of smoking gloves
 54156 | Elf:3    | Identified the +0 pair of gloves of Javeamebli {+Fly MR+ Str-5 Int+8} (You acquired it on level 3 of the Elven Halls)
 54575 | Vaults:5 | Entered Level 5 of the Vaults
 54843 | Vaults:5 | Identified the ring "Jejo" {rN+ Str+2 Int+3 Dex+3} (You found it on level 5 of the Vaults)
 55071 | Vaults:5 | Reached skill level 10 in Evocations
 55112 | Vaults:5 | Identified the amulet "Yzoawnaex" {RegenMP rPois rN+++ Int-4 Stlth-} (You took it off a yaktaur captain on level 5 of the Vaults)
 55411 | Vaults:5 | Received a gift from Okawaru
 55413 | Vaults:5 | Gained mutation: You are frail. (-10% HP) [a shining eye]
 55415 | Vaults:5 | Gained mutation: You are very frail. (-20% HP) [a shining eye]
 55750 | Vaults:5 | Noticed an ancient lich
 55781 | Vaults:5 | Killed an ancient lich
 55781 | Vaults:5 | Received a gift from Okawaru
 55797 | Vaults:5 | Reached XP level 27. HP: 156/156 MP: 28/31
 55803 | Vaults:5 | Reached skill level 10 in Invocations
 55858 | Vaults:5 | Got a coiled turquoise ring
 55941 | Vaults:5 | Identified the ring "Launiss" {*Corrode rN++ Str+4 Stlth+} (You found it on level 5 of the Vaults)
 56098 | Vaults:5 | Noticed Jory
 56112 | Vaults:5 | Killed Jory
 56277 | Vaults:5 | Got a silver rune of Zot
 56516 | Vaults:5 | Identified the ring of the Invisible Princes {rN+ Int+5 Dex+4 SInv} (You took it off a deep elf mage on level 5 of the Vaults)
 56899 | Slime:1  | Entered Level 1 of the Pits of Slime
 56964 | Slime:1  | Received a gift from Okawaru
 57598 | Slime:5  | Entered Level 5 of the Pits of Slime
 57890 | Slime:5  | Found a viscous altar of Jiyva.
 57891 | Slime:5  | Noticed the Royal Jelly
 58090 | Slime:5  | Killed the Royal Jelly
 58111 | Slime:5  | Received a gift from Okawaru
 58199 | Slime:5  | Gained mutation: You are dopey. (Int -2) [a shining eye]
 58201 | Slime:4  | Gained mutation: Your body sometimes deteriorates upon taking damage. [a shining eye]
 58202 | Slime:4  | Gained mutation: You are extremely frail. (-30% HP) [a shining eye]
 58204 | Slime:4  | Gained mutation: You are weak. (Str -2) [a shining eye]
 58390 | Slime:5  | Got a clouded bronze ring
 58404 | Slime:5  | Identified the Guide on the Mutagenic Rocks
 58440 | Slime:5  | Got a slimy rune of Zot
 58461 | Slime:5  | Identified the ring "Penauc" {rPois Int+3} (You found it on level 5 of the Pits of Slime)
 58476 | Slime:5  | Identified the Papyrus of Poisoning and the Entourage
 58960 | Depths:2 | Voluntarily entered the Abyss.
 59607 | Abyss:3  | Found a corrupted altar of Lugonu.
 59749 | Abyss:3  | Received a gift from Okawaru
 59977 | Abyss:3  | Gained mutation: Scrolls take you longer to read. [a cacodemon]
 59987 | Abyss:3  | Gained mutation: Your magical capacity is extremely low. (-30% MP) [a cacodemon]
 60039 | Abyss:3  | Found a shimmering altar of Xom.
 60085 | Abyss:3  | Paralysed by accursed screaming for 1 turns
 60143 | Abyss:3  | Gained mutation: You are partially covered in rugged brown scales. (AC +1, +3% HP) [a neqoxec]
 60146 | Abyss:3  | Gained mutation: You are clumsy. (Dex -2) [a neqoxec]
 60181 | Abyss:3  | Received a gift from Okawaru
 60415 | Abyss:3  | Paralysed by accursed screaming for 1 turns
 60690 | Abyss:3  | Killed from afar by a Hell Sentinel

Skill      XL: |  1  2  3  4  5  6  7  8  9 10 11 12 13 14 15 16 17 18 19 20 21 22 23 24 25 26 27 |
---------------+----------------------------------------------------------------------------------+-----
Armour         | 1 2 3 4 5 6 8 9 10 11 12 14 15 16 17 19 20 21 23 | 23.3
Maces & Flails | 4 5 7 8 9 10 12 13 15 16 | 16.7
Fighting       | 3 4 5 6 7 8 9 10 12 13 15 16 18 20 21 22 24 25 26 | 26.0
Invocations    | 3 6 7 9 12 | 12.6
Shields        | 4 6 9 13 15 18 21 24 25 | 25.2
Evocations     | 1 5 7 9 11 12 | 12.8
Throwing       | |  1.7
Dodging        | |  2.4

Action                   |  1- 3 |  4- 6 |  7- 9 | 10-12 | 13-15 | 16-18 | 19-21 | 22-24 | 25-27 || total
-------------------------+-------+-------+-------+-------+-------+-------+-------+-------+-------++-------
Melee: Flail             |   163 |    32 |       |       |       |       |       |       |       ||   195
       Morningstar       |       |   194 |   447 |   360 |       |       |       |       |       ||  1001
       Great mace        |       |       |       |   231 |   456 |       |       |       |       ||   687
       Eveningstar       |       |       |       |       |   838 |  2318 |  2307 |  2189 |  2804 || 10456
Invok: Heroism           |       |       |       |     2 |     4 |     1 |     2 |     1 |    11 ||    21
       Finesse           |       |       |       |       |       |       |     2 |     3 |    11 ||    16
 Abil: Fly               |       |       |       |       |     1 |       |       |     2 |     1 ||     4
       Stop Flying       |       |       |       |       |       |       |       |     2 |     1 ||     3
Evoke: Wand              |       |       |       |     2 |       |       |       |       |       ||     2
       Lamp of fire      |       |       |       |       |       |       |     1 |     2 |     1 ||     4
       Fan of gales      |       |       |       |       |       |       |     1 |       |     1 ||     2
  Use: Scroll            |       |       |    14 |     9 |     7 |     9 |     6 |     8 |    25 ||    78
       Potion            |       |       |       |     2 |       |       |       |       |     2 ||     4
 Stab: Paralysed         |       |       |       |     6 |       |       |       |       |       ||     6
       Petrified         |       |       |       |       |    17 |     6 |       |       |       ||    23
       Petrifying        |       |       |       |       |     3 |     1 |       |       |       ||     4
       Distracted        |       |       |       |       |       |     1 |     1 |     1 |     2 ||     5
  Eat: Chunk             |     2 |     5 |    13 |    21 |    33 |    30 |    25 |    23 |    15 ||   167
       Ration            |       |       |       |       |     1 |     3 |     1 |     3 |     6 ||    14
Armor: Leather armour    |    13 |       |       |       |       |       |       |       |       ||    13
       Ring mail         |    78 |       |       |       |       |       |       |       |       ||    78
       Plate armour      |     5 |   175 |   355 |   223 |       |  1404 |  1190 |  1259 |   925 ||  5536
       Chain mail        |       |       |       |   173 |   708 |   167 |       |       |       ||  1048
       Gold dragon scale |       |       |       |       |       |       |       |       |   223 ||   223
Dodge: Dodged            |   138 |    66 |   142 |   201 |   472 |   662 |   497 |   461 |   457 ||  3096
Block: Shield            |       |       |       |    42 |   423 |  1510 |  1207 |  1213 |   567 ||  4962
       Large shield      |       |       |       |       |       |       |       |       |  1709 ||  1709
